 Dungeon Crawl Stone Soup version 0.21.0 (webtiles) character file.

84 Jinx the Grave Robber (level 4, -1/33 HPs)
             Began as a Mummy Necromancer on May 16, 2018.
             Slain by a human zombie (5 damage)
             ... on level 2 of the Dungeon.
             The game lasted 00:05:18 (1575 turns).

Jinx the Grave Robber (Mummy Necromancer)           Turns: 1575, Time: 00:05:18

Health: -1/33      AC:  4    Str: 11    XL:     4   Next: 23%
Magic:  8/8        EV: 12    Int: 15    God:
Gold:   106        SH:  0    Dex: 12    Spells: 7/8 levels left

rFire    x . .     SeeInvis .   f - +0 mace
rCold    + . .     Gourm    .   (no shield)
rNeg     + + +     Faith    .   a - +0 robe
rPois    ∞         Spirit   .   g - +2 hat
rElec    .         Reflect  .   (no cloak)
rCorr    .         Harm     .   (no gloves)
MR       .....                  (no boots)
Stlth    ++........             (no amulet)
HPRegen  0.11/turn              (no ring)
MPRegen  0.11/turn              (no ring)

@: no status effects
A: no food or potions, fire vulnerability, cold resistance 1, negative energy
resistance 3, torment resistance, unbreathing
a: no special abilities


You were on level 2 of the Dungeon.
You were not hungry.

You visited 1 branch of the dungeon, and saw 2 of its levels.

You collected 106 gold pieces.

Inventory:

Hand Weapons
 f - a +0 mace (weapon)
Armour
 a - a +0 robe (worn)
 g - a +2 hat (worn)
Scrolls
 c - a scroll of identify {unknown}
 d - a scroll of blinking {unknown}
 e - a scroll of amnesia {unknown}
Books
 b - a book of Necromancy

   Spells                             Type                      Level
   a - Pain                           Necromancy                   1
   b - Animate Skeleton               Necromancy                   1
   c - Vampiric Draining              Necromancy                   3
   d - Regeneration                   Charms/Necromancy            3
   e - Animate Dead                   Necromancy                   4
   f - Borgnjor's Vile Clutch         Necromancy/Earth             5


   Skills:
 + Level 1.7 Fighting
 * Level 1.3 Maces & Flails
 - Level 1.5 Dodging
 - Level 1.5 Stealth
 - Level 2.6 Spellcasting
 + Level 4.9 Necromancy


You had 7 spell levels left.
You knew the following spells:

 Your Spells              Type           Power        Failure   Level  Hunger
a - Pain                  Necr           ###.         2%          1    N/A

Dungeon Overview and Level Annotations

Branches:
Dungeon (2/15)

Altars:
Hepliaklqana


Innate Abilities, Weirdness & Mutations

You do not eat or drink.
Your flesh is vulnerable to fire.
You are immune to poison.
Your flesh is cold resistant. (rC+)
You are immune to negative energy. (rN+++)
You are immune to unholy pain and torment.
You can survive without breathing.


Message History

You sock the human zombie!
The human zombie is almost destroyed.
The human zombie closely misses you.
You hit the human zombie.
The human zombie is almost destroyed.
The human zombie closely misses you. The human zombie hits you.
* * * LOW HITPOINT WARNING * * *
You hit the human zombie but do no damage.
The human zombie is almost destroyed.
The human zombie closely misses you.
Casting: Pain
Confirm with . or Enter, or press ? or * to list all spells.
You don't know that spell.
The worm closely misses you.
Casting: Pain
Confirm with . or Enter, or press ? or * to list all spells.
You don't know that spell.
Unknown command.
The human zombie hits you.
You die...

#.........# #.# ## ####
#.........# #.# ##. ...#
#.........# #.###.. ...#
#.........###.##..#
...#############........##.%...##
...).........<...................
...#################.###....#####
...# #########..##..#...# #
...#########....@.###.##..#.#.###
................Z.#.......#.#....
#######..###...w..#......÷#.####.
##.##########.......#.# ##
######...## #.......#.# ##
##..##.....## #.........####.
##.##.......### #......#...†...
..<....._.....# #......#.......
#...#..)....#.# #......#.......


You could see a worm and a human zombie.

Vanquished Creatures
  A hound (D:2)
  An adder (D:2)
  An ooze (D:1)
  A worm (D:2)
  A leopard gecko (D:1)
  A giant cockroach (D:2)
  10 goblins
  8 hobgoblins
  A ball python (D:1)
  2 bats (D:1)
  A frilled lizard (D:2)
  4 kobolds
  3 rats
35 creatures vanquished.

Notes
Turn   | Place    | Note
-------+----------+-------------------------------------------
     0 | D:1      | Jinx the Mummy Necromancer began the quest for the Orb.
     0 | D:1      | Reached XP level 1. HP: 13/13 MP: 4/4
   281 | D:1      | Reached XP level 2. HP: 12/20 MP: 2/5
   376 | D:1      | Reached skill level 1 in Fighting
   992 | D:2      | Found a hazy altar of Hepliaklqana.
  1105 | D:2      | Reached XP level 3. HP: 26/26 MP: 5/7
  1254 | D:2      | Reached skill level 1 in Maces & Flails
  1310 | D:2      | Reached XP level 4. HP: 28/33 MP: 1/8
  1575 | D:2      | Slain by a human zombie

Skill      XL: |  1  2  3 |
---------------+----------+-----
Fighting       | 1 |  1.7
Maces & Flails | 1 |  1.3
Dodging        | |  1.5
Stealth        | |  1.5
Spellcasting   | |  2.6
Necromancy     | |  4.9

Action                   |  1- 3 |  4- 6 || total
-------------------------+-------+-------++-------
Melee: Unarmed           |    17 |       ||    17
       Mace              |     2 |    22 ||    24
 Cast: Pain              |    64 |    10 ||    74
Armor: Robe              |     4 |     5 ||     9
Dodge: Dodged            |    16 |    13 ||    29
